Map: Newkirk Precinct TE (Void)

Players

TYTY (TY) - Winner!

  • Race: Terran Terran
  • League: Master
  • Spawn Location: 7:00

NORTHAMERICA

  • Race: Protoss Protoss
  • League: Grandmaster
  • Spawn Location: 5:00

VOD

Have the link to the VOD?

Description

Time

  • Played on: March 20, 2017, 3:23 a.m.
  • Length: 12:04
Show
View Real Time Build Order
Export as new Build Order

TYTY Terran - Winner!

Build Orders: Reaper Expand, Bio Mine 

Get SALT Encoding   

  12  0:00  SCV  
  13  0:12  SCV  
  14  0:22  Supply Depot  
  14  0:24  SCV  
  15  0:38  Refinery  
  15  0:44  SCV  
  15  0:45  Barracks  
  16  0:56  SCV  
  17  1:08  SCV  
  18  1:20  SCV  
  19  1:32  Reaper  
  21  1:33  Orbital Command  
  20  1:43  Command Center  
  20  1:55  Supply Depot  
  20  1:59  SCV  
  21  2:04  Factory  
  21  2:11  SCV  
  22  2:16  Refinery  
  22  2:20  Barracks Reactor  
  22  2:23  SCV  
  23  2:35  SCV  
  24  2:47  SCV  
  24  2:50  Starport  
  25  2:54  Orbital Command  
  25  2:55  Marine x2  
  25  2:58  Widow Mine  
  29  3:01  SCV  
  30  3:13  Marine x2, SCV  
  33  3:20  SCV  
  33  3:26  Widow Mine, Medivac  
  38  3:30  SCV  
  38  3:31  Marine x2  
  40  3:35  SCV  
  41  3:43  Supply Depot, Barracks  
  41  3:45  Barracks, SCV  
  42  3:49  Marine  
  42  3:50  SCV  
  44  3:56  Refinery, Factory Tech Lab  
  44  3:58  Starport Tech Lab  
  44  3:59  SCV  
  45  4:04  SCV  
  45  4:06  Supply Depot  
  45  4:09  Marine x2  
  48  4:11  SCV  
  48  4:15  Siege Tank  
  52  4:17  SCV  
  54  4:24  SCV  
  54  4:28  Raven  
  54  4:29  SCV  
  57  4:36  Marine x2  
  56  4:40  Marine x2  
  56  4:45  SCV  
  58  4:47  Siege Tank  
  60  4:55  SCV  
  60  4:57  SCV  
  62  5:06  Command Center  
  62  5:10  Liberator  
  62  5:11  Supply Depot  
  62  5:12  Supply Depot, SCV  
  60  5:20  Siege Tank  
  64  5:21  Marine  
  64  5:22  Marine x2  
  64  5:23  Combat Shields  
  64  5:28  Marine  
  69  5:34  SCV x2  
  72  5:38  Refinery  
  72  5:41  Marine x2  
  75  5:46  SCV  
  77  5:51  SCV  
  77  5:54  Engineering Bay  
  78  5:57  Marauder x2  
  78  5:58  SCV  
  81  6:05  Stimpack  
  81  6:06  Marine x2  
  81  6:07  Factory Reactor  
  81  6:08  SCV  
  81  6:10  SCV  
  85  6:20  Marauder x2, Starport Reactor  
  89  6:28  SCV x2  
  89  6:32  Barracks x2, Marine x2  
  93  6:40  SCV x2  
  93  6:44  Marauder x2  
  99  6:50  Orbital Command  
  99  6:52  SCV  
  99  6:53  Marine  
  101  6:59  Supply Depot  
  101  7:10  Marine, Widow Mine x2  
  101  7:15  Marine x2  
  102  7:24  Marauder  
  102  7:28  SCV x2  
  100  7:30  Medivac  
  100  7:31  Medivac  
  100  7:34  Marauder  
  100  7:36  Marine  
  100  7:37  Marine  
  99  7:38  Barracks Tech Lab, Widow Mine x2  
  99  7:39  Marine  
  99  7:43  Factory, SCV x3  
  103  7:45  Marauder  
  104  7:54  Marine  
  104  7:55  Marauder  
  101  8:00  Marine, Marauder  
  101  8:01  SCV x3  
  103  8:06  Armory  
  103  8:07  Marauder, Terran Infantry Armor Level 1, Widow Mine x2  
  103  8:10  Barracks Tech Lab  
  109  8:15  Supply Depot  
  109  8:16  Supply Depot, Medivac x2  
  109  8:19  Marine x2  
  114  8:23  SCV  
  116  8:31  Missile Turret  
  116  8:37  Marauder x4, Marine  
  116  8:39  Widow Mine x2  
  116  8:40  Factory Tech Lab  
  129  8:45  Supply Depot  
  129  8:47  Supply Depot  
  132  8:50  Missile Turret  
  132  8:54  Marine  
  132  8:55  Marine, Engineering Bay  
  129  8:58  Drilling Claws, Widow Mine  
  133  9:03  Marauder  
  133  9:07  Supply Depot x2, Marauder x3  
  133  9:08  Supply Depot  
  138  9:12  Marine  
  138  9:13  Marine  
  138  9:15  Concussive Shells  
  140  9:17  Widow Mine x2  
  140  9:23  Terran Infantry Weapons Level 1  
  144  9:27  Marauder  
  144  9:28  Marine  
  144  9:29  Marauder x2  
  151  9:32  Widow Mine  
  153  9:38  SCV  
  153  9:42  Sensor Tower  
  153  9:43  Barracks x2  
  153  9:44  Command Center  
  154  9:46  Widow Mine  
  154  9:48  Medivac x2  
  154  9:50  Marine  
  154  9:51  Marine  
  162  9:58  Supply Depot  
  161  10:02  Widow Mine x2  
  164  10:07  Marine x2  
  164  10:09  SCV x3  
  168  10:18  Medivac x2  
  172  10:33  Widow Mine x3  
  177  10:35  SCV x2  
  177  10:36  SCV  
  177  10:38  Marine  
  177  10:39  Marine, Marauder x2  
  177  10:42  Marauder  
  181  10:43  Barracks Reactor x2  
  181  10:48  Medivac  
  180  10:50  Supply Depot, Medivac  
  173  11:12  Marauder x2, Marine  
  173  11:13  Marauder x2, Marine, Planetary Fortress  
  173  11:14  Widow Mine  
  173  11:16  Widow Mine  
  187  11:27  Marine  
  187  11:28  Marine x2  
  187  11:30  SCV x3, Refinery  
  187  11:31  Refinery  
  187  11:32  Refinery  
  193  11:34  Marauder  
Show
View Real Time Build Order
Export as new Build Order

NORTHAMERICA Protoss 

Build Orders: 1 Gate Expand, Blink Stalkers 

Get SALT Encoding   

  12  0:01  Probe (Chrono Boost)  
  13  0:11  Probe (Chrono Boost)  
  14  0:18  Pylon  
  14  0:22  Probe (Chrono Boost)  
  15  0:36  Probe (Chrono Boost)  
  15  0:37  Gateway  
  16  0:47  Probe (Chrono Boost), Assimilator  
  17  0:57  Probe (Chrono Boost)  
  18  1:08  Probe (Chrono Boost)  
  19  1:19  Nexus  
  19  1:29  Cybernetics Core  
  19  1:33  Probe (Chrono Boost)  
  20  1:43  Probe (Chrono Boost), Assimilator  
  21  1:51  Pylon  
  22  1:54  Probe (Chrono Boost)  
  22  2:05  Probe (Chrono Boost)  
  23  2:10  Adept  
  27  2:15  Mothership Core (Chrono Boost)  
  27  2:19  Warp Gate  
  27  2:32  Probe (Chrono Boost)  
  27  2:34  Probe (Chrono Boost)  
  29  2:42  Probe (Chrono Boost), Twilight Council  
  30  2:44  Probe (Chrono Boost)  
  31  2:53  Probe (Chrono Boost)  
  31  2:55  Probe (Chrono Boost)  
  31  2:58  Robotics Facility  
  33  3:03  Probe (Chrono Boost)  
  35  3:05  Probe (Chrono Boost)  
  35  3:14  Probe (Chrono Boost)  
  35  3:16  Blink, Gateway x2  
  35  3:19  Probe (Chrono Boost)  
  37  3:30  Probe (Chrono Boost)  
  38  3:34  Probe (Chrono Boost)  
  38  3:36  Pylon  
  40  3:42  Probe (Chrono Boost)  
  40  3:44  Observer  
  40  3:45  Pylon  
  40  3:46  Probe (Chrono Boost)  
  42  3:54  Probe (Chrono Boost)  
  42  3:55  Pylon  
  43  3:58  Probe (Chrono Boost)  
  44  4:03  Observer  
  44  4:06  Probe (Chrono Boost)  
  44  4:09  Assimilator  
  47  4:10  Probe (Chrono Boost)  
  48  4:18  Probe (Chrono Boost)  
  48  4:22  Probe (Chrono Boost), Stalker x3  
  49  4:36  Probe (Chrono Boost)  
  47  4:45  Stalker x2  
  45  4:49  Probe (Chrono Boost)  
  47  4:57  Probe (Chrono Boost)  
  47  5:00  Stalker  
  47  5:01  Probe (Chrono Boost)  
  49  5:08  Probe (Chrono Boost)  
  49  5:12  Probe (Chrono Boost)  
  50  5:19  Probe (Chrono Boost)  
  51  5:23  Probe (Chrono Boost)  
  51  5:24  Assimilator  
  51  5:27  Gateway  
  52  5:28  Gateway  
  52  5:29  Probe (Chrono Boost)  
  52  5:33  Probe (Chrono Boost)  
  54  5:39  Forge, Pylon  
  54  5:40  Probe (Chrono Boost)  
  54  5:41  Robotics Bay  
  55  5:46  Pylon  
  55  5:47  Probe (Chrono Boost)  
  56  5:53  Probe (Chrono Boost)  
  57  5:58  Immortal  
  57  6:00  Mothership Core (Chrono Boost)  
  63  6:05  Protoss Ground Weapons Level 1  
  63  6:06  Probe (Chrono Boost)  
  63  6:11  Sentry  
  66  6:17  Probe (Chrono Boost)  
  67  6:25  Pylon  
  65  6:27  Adept x2  
  65  6:31  Pylon  
  69  6:37  Disruptor  
  72  6:43  Adept x2  
  75  6:57  Adept x2  
  75  6:58  Adept  
  81  7:01  Pylon  
  81  7:06  Adept x2  
  85  7:13  Disruptor  
  84  7:23  Stalker  
  84  7:24  Stalker x2  
  84  7:28  Stalker  
  67  7:41  Stalker  
  65  7:47  Adept  
  65  7:48  Adept  
  65  7:49  Disruptor  
  70  7:52  Zealot  
  72  7:58  Zealot  
  72  8:03  Protoss Ground Armor Level 1  
  73  8:13  Probe (Chrono Boost)  
  73  8:15  Stalker x3  
  73  8:16  Stalker  
  73  8:17  Nexus  
  73  8:18  Pylon  
  81  8:26  Pylon  
  81  8:29  Disruptor  
  81  8:33  Probe (Chrono Boost)  
  85  8:36  Probe (Chrono Boost)  
  85  8:40  Stalker x2  
  90  8:45  Probe (Chrono Boost)  
  90  8:48  Adept x2  
  95  8:49  Adept  
  98  8:55  Probe (Chrono Boost)  
  98  9:04  Adept x2  
  98  9:09  Gateway  
  102  9:18  Adept x3  
  108  9:24  Pylon  
  108  9:27  Disruptor  
  108  9:30  Pylon  
  111  9:38  Stalker x3  
  115  9:45  Probe (Chrono Boost)  
  117  9:46  Probe (Chrono Boost)  
  117  9:47  Probe (Chrono Boost)  
  118  9:57  Probe (Chrono Boost)  
  118  9:58  Probe x2 (Chrono Boost)  
  115  10:02  Stalker x3  
  117  10:07  Disruptor  
  117  10:09  Probe (Chrono Boost)  
  117  10:10  Probe (Chrono Boost)  
  122  10:15  Stalker x2  
  126  10:38  Disruptor, Nexus  
  124  10:46  Probe (Chrono Boost)  
  126  11:00  Nexus, Dark Shrine  
  126  11:06  Probe (Chrono Boost)  
  123  11:16  Disruptor  
  126  11:31  Adept x4  
  134  11:40  Pylon  
  134  11:42  Pylon  
  125  11:51  Stalker  
  107  11:55  Adept x2  
  107  11:56  Adept x3  
Tags
 
Add a new tag
Caveats
  • Supply blocks, unpowered buildings, or Contaminate may cause inaccurate times.
  • Supply counts are checked every 10 seconds.